 Dungeon Crawl Stone Soup version 0.22.0-32-gbc6daba (webtiles) character file.

44 leisz the Shooter (level 3, 0/29 HPs)
             Began as a Centaur Arcane Marksman on Aug 23, 2018.
             Slain by a goblin
             ... wielding a +0 dagger
              (4 damage)
             ... on level 3 of the Dungeon.
             The game lasted 00:06:46 (972 turns).

leisz the Shooter (Centaur Arcane Marksman)          Turns: 972, Time: 00:06:47

Health: 0/29       AC:  4    Str: 12    XL:     3   Next: 41%
Magic:  5/5        EV:  9    Int: 12    God:
Gold:   68         SH:  0    Dex: 10    Spells: 4/5 levels left

rFire    . . .     SeeInvis .   a - +0 shortbow
rCold    . . .     Gourm    .   (shield currently unavailable)
rNeg     . . .     Faith    .   c - +0 leather armour
rPois    .         Spirit   .   (no helmet)
rElec    .         Reflect  .   (no cloak)
rCorr    .         Harm     .   (no gloves)
MR       .....                  (no barding)
Stlth    ..........             (no amulet)
HPRegen  0.09/turn              (no ring)
MPRegen  0.09/turn              (no ring)

@: lethally poisoned (0 -> -2), very quick
A: large, hooves 3, deformed body, speed 2, tough skin 3
a: no special abilities


You were on level 3 of the Dungeon.
You were not hungry.

You visited 1 branch of the dungeon, and saw 3 of its levels.

You collected 68 gold pieces.

Inventory:

Hand Weapons
 a - a +0 shortbow (weapon)
 h - a +0 dagger
Missiles
 b - 24 stones
 d - 10 arrows (quivered)
 j - 3 curare-tipped needles
Armour
 c - a +0 leather armour (worn)
 e - a +0 robe
Scrolls
 g - a scroll of amnesia {unknown}
 i - a scroll of teleportation {unknown}
 k - 4 scrolls of identify {unknown}
 o - a scroll of enchant weapon {unknown}
Potions
 l - a potion of mutation {unknown}
 m - a potion of berserk rage {unknown}
 n - a potion of degeneration {unknown}
 p - a potion of curing {unknown}
Comestibles
 f - 2 rations


   Skills:
 + Level 1.8 Fighting
 + Level 3.5 Bows
 - Level 1.3 Dodging
 + Level 1.5 Spellcasting
 + Level 3.0 Hexes


You had 4 spell levels left.
You knew the following spells:

 Your Spells              Type           Power        Failure   Level  Hunger
a - Corona                Hex            #......      11%         1    ##.....

Your spell library contained the following spells:

 Spells                   Type           Power        Failure   Level  Hunger
 Slow                     Hex            #.......     16%         2    ###....
 Inner Flame              Hex/Fire       #.......     50%         3    ####...
 Portal Projectile        Hex/Tloc       #.....       50%         3    ####...
 Cause Fear               Hex            #.........   71%         4    #####..
 Leda's Liquefaction      Hex/Erth       #.........   88%         4    #####..


Dungeon Overview and Level Annotations

Branches:
Dungeon (3/15)

Altars:
Kikubaaqudgha
Nemelex Xobeh


Innate Abilities, Weirdness & Mutations

You have hooves in place of feet.
Armour fits poorly on your strangely shaped body.
You cover ground very quickly.
You have extremely tough skin. (AC +3)


Message History

Really attack while wielding your +0 shortbow?
Okay, then.
The bat hits you but does no damage. The goblin hits you but does no damage.
You feel sick. The bat hits you but does no damage.
The goblin hits you but does no damage.
There is an escape hatch in the floor here.
The bat hits you but does no damage. The goblin barely misses you.
You slide downwards.
The hatch slams shut behind you.
A leopard gecko comes into view.
The leopard gecko hisses angrily.
Found a scroll labeled XOCSED ODEUPRO.
Found two altars.
Firing (i - inventory. (/) - cycle)
d - 11 arrows (quivered)
Press: ? - help, Shift-Dir - straight line, f - goblin
Aim: a goblin, wielding a dagger You shoot an arrow.
The arrow hits the goblin.
The goblin is almost dead.
The leopard gecko bites you.
* * * LOW HITPOINT WARNING * * *
The goblin hits you with a dagger.
You die...

#.....##
.?..._
.....#
8...8 ##_##
###########
#...g......
#..@..#
#.l...#
#.....#
..#.####
##.#. # #.
#. #.


You could see a leopard gecko and a goblin.

Vanquished Creatures
  A worm (D:2)
  2 dart slugs (D:1)
  2 leopard geckos (D:1)
  2 giant cockroaches (D:1)
  5 goblins
  4 hobgoblins
  5 jackals (D:2)
  3 bats (D:1)
  3 kobolds (D:1)
  3 rats (D:1)
30 creatures vanquished.

Notes
Turn   | Place    | Note
-------+----------+-------------------------------------------
     0 | D:1      | leisz the Centaur Arcane Marksman began the quest for the Orb.
     0 | D:1      | Reached XP level 1. HP: 16/16 MP: 2/2
   249 | D:1      | Reached XP level 2. HP: 23/23 MP: 1/3
   739 | D:1      | Reached XP level 3. HP: 28/28 MP: 3/5
   971 | D:3      | Found an ancient bone altar of Kikubaaqudgha.
   971 | D:3      | Found a sparkling altar of Nemelex Xobeh.
   972 | D:3      | Slain by a goblin

Skill      XL: |  1  2 |
---------------+-------+-----
Bows           | 3 |  3.5
Hexes          | 3 |  3.0
Fighting       | |  1.8
Dodging        | |  1.3
Spellcasting   | |  1.5

Action                   || total
-------------------------++-------
 Fire: Shortbow          ||    83
 Cast: Corona            ||     3
Armor: Robe              ||     3
       Leather armour    ||    27
Dodge: Dodged            ||    40
